Map: Sonho Sempiterno LE

Players

caiobex - Winner!

  • Race: Terran Terran
  • League: Master
  • Spawn Location: 7:00

overmind

  • Race: Zerg Zerg
  • League: Diamond
  • Spawn Location: 1:00

VOD

Have the link to the VOD?

Description

Time

  • Played on: July 14, 2020, 6:11 p.m.
  • Length: 6:05
Show
View Real Time Build Order
Export as new Build Order

caiobex Terran - Winner!

Build Orders: 2 Factory, Hellion Opening 

Get SALT Encoding   

  12  0:02  SCV  
  13  0:14  SCV  
  13  0:18  Supply Depot  
  14  0:26  SCV  
  15  0:30  Refinery  
  15  0:40  SCV  
  16  0:46  Barracks  
  16  0:52  SCV  
  17  1:04  SCV  
  18  1:16  SCV  
  19  1:33  Orbital Command  
  19  1:35  Factory  
  19  1:37  Marine  
  20  1:57  Command Center  
  20  2:06  Barracks Reactor  
  20  2:10  Supply Depot  
  20  2:17  SCV  
  20  2:20  Refinery  
  20  2:21  Hellion  
  23  2:31  SCV  
  23  2:34  Factory  
  26  2:51  Hellion x2  
  28  3:12  Orbital Command  
  28  3:14  Hellion x2  
  28  3:17  SCV  
  33  3:24  Factory Tech Lab  
  33  3:29  SCV  
  34  3:41  SCV  
  34  3:43  Infernal Pre-Igniter, Armory  
  34  3:44  SCV  
  34  3:48  Hellion  
  38  3:53  SCV  
  38  3:54  Hellion  
  37  4:20  Hellion x3  
  41  4:27  Starport  
  41  4:40  SCV x2  
  41  4:41  Hellion  
  41  4:45  Supply Depot  
  45  4:51  Command Center  
  45  5:00  Supply Depot  
  45  5:06  Hellion x2  
  49  5:12  Hellion  
  51  5:14  SCV  
  51  5:18  Starport Reactor  
  52  5:28  Hellion x2  
Show
View Real Time Build Order
Export as new Build Order

overmind Zerg 

Build Orders: Hatch First 

Get SALT Encoding   

  12  0:01  Drone  
  13  0:13  Overlord  
  13  0:18  Drone  
  14  0:32  Drone x2  
  16  0:36  Drone  
  17  0:46  Drone  
  18  0:58  Hatchery  
  18  0:59  Drone  
  18  1:06  Extractor  
  17  1:15  Spawning Pool  
  16  1:19  Drone  
  16  1:24  Drone  
  18  1:32  Drone  
  19  1:40  Overlord  
  19  1:52  Drone  
  20  2:02  Queen  
  20  2:03  Zergling x2  
  20  2:08  Metabolic Boost  
  23  2:09  Queen  
  23  2:10  Zergling x2  
  26  2:22  Drone  
  27  2:23  Drone x2  
  29  2:42  Hatchery  
  28  2:48  Drone  
  28  2:51  Overlord x2  
  29  2:58  Drone x3  
  32  3:07  Extractor  
  32  3:09  Drone  
  32  3:11  Drone  
  33  3:20  Drone x4  
  33  3:22  Drone  
  33  3:26  Queen  
  40  3:34  Drone x2  
  44  3:43  Drone x2  
  44  3:50  Lair  
  44  3:52  Drone  
  44  3:53  Drone  
  44  3:54  Drone x2  
  32  4:18  Drone x7  
  32  4:19  Drone  
  40  4:29  Drone x3  
  40  4:30  Baneling Nest, Drone  
  43  4:37  Drone x2  
  43  4:38  Roach Warren  
  44  4:39  Drone  
  45  4:48  Overlord x2  
  45  5:02  Pneumatized Carapace  
  45  5:06  Drone x2  
  47  5:07  Hydralisk Den  
  46  5:18  Roach x8  
  46  5:19  Roach  
  60  5:46  Drone x2  
  56  5:51  Hatchery  
Tags
 
Add a new tag
Caveats
  • Supply blocks, unpowered buildings, or Contaminate may cause inaccurate times.
  • Supply counts are checked every 10 seconds.